 Dungeon Crawl Stone Soup version 0.17.0 (webtiles) character file.

88 Eucla the Caller (level 4, 0/24 HPs)
             Began as a Tengu Summoner on Nov 15, 2015.
             Killed by divine providence
             ... invoked by an orc priest
              (9 damage)
             ... on level 3 of the Dungeon.
             The game lasted 00:04:46 (3096 turns).

Eucla the Caller (Tengu Summoner)                   Turns: 3096, Time: 00:04:47

Health: 0/24       AC:  3    Str:  8    XL:     4   Next: 53%
Magic:  5/8        EV: 12    Int: 17    God:
Gold:   101        SH:  0    Dex: 14    Spells: 2 memorised, 3 levels left

rFire  . . .     SeeInvis .     k - +1 dagger
rCold  . . .     Clarity  .     a - +1 robe
rNeg   . . .     SustAt   .     (no shield)
rPois  .         Gourm    .     (helmet restricted)
rElec  .         Spirit   .     (no cloak)
rCorr  .         Warding  .     (no gloves)
rMut   .         Stasis   .     (boots unavailable)
MR     .....                    (no amulet)
Stlth  ++........               (no ring)
                                (no ring)

@: not resistant to hostile enchantments, unstealthy
A: beak, talons 3
a: no special abilities


You were on level 3 of the Dungeon.
You were hungry.

You visited 1 branch of the dungeon, and saw 3 of its levels.

You collected 101 gold pieces.

Inventory:

Hand Weapons
 k - a +1 dagger (weapon)
Armour
 a - a +1 robe (worn)
Jewellery
 r - an uncursed ring of fire
Scrolls
 f - 6 scrolls of identify {unknown}
 n - a scroll of remove curse
Potions
 h - a potion of degeneration {unknown}
 l - a potion of cure mutation {unknown}
 o - a potion of agility {unknown}
 s - a potion of brilliance {unknown}
 t - a potion of might {unknown}
Books
 b - a book of Callings

   Spells                             Type                      Level
   a - Summon Small Mammal            Summoning                    1
   b - Call Imp                       Summoning                    2
   c - Call Canine Familiar           Summoning                    3
   d - Summon Guardian Golem          Hexes/Summoning              3
   e - Summon Lightning Spire         Summoning/Air                4
   f - Summon Ice Beast               Ice/Summoning                4
Comestibles
 c - 3 bread rations
 d - a beef jerky
 p - a royal jelly


   Skills:
 - Level 2.1 Dodging
 - Level 2.0 Stealth
 - Level 2.0 Spellcasting
 + Level 7.0 Summonings


You had 3 spell levels left.
You knew the following spells:

 Your Spells              Type           Power        Failure   Level  Hunger
a - Summon Small Mammal   Summ           ####         1%          1    #......
b - Call Canine Familiar  Summ           ####....     3%          3    ###....


Dungeon Overview and Level Annotations

Branches:
Dungeon (3/15)

Altars:
Okawaru


Innate Abilities, Weirdness & Mutations

You have a beak for a mouth.
You have claws for feet.


Message History

It is a scroll of enchant armour.
Enchant which item? (? for menu, Esc to quit)
Your +0 robe glows green for a moment.
The orc priest hits you with a mace.
Read which item? (? for menu, Esc to quit)
As you read the scroll labeled FUICSIU GIAVIO, it crumbles to dust.
It is a scroll of enchant weapon.
Enchant which weapon? (? for menu, Esc to quit)
Choose a valid weapon, or Esc to abort.
Enchant which weapon? (? for menu, Esc to quit)
Your +0 dagger glows red for a moment.
The orc priest looks braver for a moment.
Unknown command.
Casting: Call Canine Familiar
Confirm with . or Enter, or press ? or * to list all spells.
You are feeling hungry.
The orc priest hits you with a mace.
You swap places.
Your hound bites the orc priest.
The orc priest invokes the aid of Beogh against you.
Something smites you!
You die...

#.#.#..... .. #.#
#.#.#..... .....
#.#.#...#. .#..
#.#.#..... ...
#.#.#.....#..
#.#.#.......
#.#.#...$o.#
#.######.############
#.......r§goh@§......
#########K##########.
..... ###.#...
######### #.#.###
#.......# #.#.#
#.......# #.#.#
#.......# #.#.# #.#
........# #.#.# #.#


You could see an orc priest (inner flame) and a friendly hound.

Vanquished Creatures
  3 adders
  A worm (D:3)
  A giant gecko (D:1)
  2 orcs (D:3)
  3 goblins
  5 hobgoblins
  2 quokkas
  6 bats
  3 giant newts
  3 kobolds
  5 rats
34 creatures vanquished.

Vanquished Creatures (collateral kills)
  Natasha (D:2)
  2 adders
  A worm (D:3)
  2 goblins (D:1)
  A quokka (D:2)
  A bat (D:3)
  A kobold (D:2)
  2 rats
11 creatures vanquished.

Grand Total: 45 creatures vanquished

Notes
Turn   | Place    | Note
--------------------------------------------------------------
     0 | D:1      | Eucla the Tengu Summoner began the quest for the Orb.
     0 | D:1      | Reached XP level 1. HP: 10/10 MP: 4/4
    73 | D:1      | Reached skill level 5 in Summonings
   343 | D:1      | Reached XP level 2. HP: 15/15 MP: 3/6
   820 | D:2      | Noticed Natasha
   839 | D:2      | Killed Natasha
   839 | D:2      | Reached XP level 3. HP: 6/19 MP: 3/7
   850 | D:1      | Learned a level 3 spell: Call Canine Familiar
  1042 | D:2      | Reached skill level 6 in Summonings
  1496 | D:2      | Reached XP level 4. HP: 2/24 MP: 2/8
  1497 | D:2      | HP: 1/24 [poisoned by an adder]
  2125 | D:3      | Found an iron altar of Okawaru.
  2888 | D:3      | Reached skill level 7 in Summonings
  3096 | D:3      | Killed from afar by an orc priest

Action                   |  1- 3 |  4- 6 || total
-------------------------+-------+-------++-------
Melee: Unarmed           |    27 |       ||    27
       Dagger            |    52 |    53 ||   105
 Cast: Summon Small Mamm |    13 |       ||    13
       Call Canine Famil |     5 |     8 ||    13
  Use: Scroll            |       |     6 ||     6
       Potion            |       |     3 ||     3
 Stab: Sleeping          |     4 |     6 ||    10
  Eat: Chunk             |     2 |     6 ||     8
